 Dungeon Crawl Stone Soup version 0.26-a0-854-gdc81c2f471 (webtiles) character file.

Game seed: 11869443402951688298

24230 robertstho the Cleaver (level 12, -12/174 HPs)
             Began as a Minotaur Berserker on Nov 23, 2020.
             Was a High Priest of Trog.
             Mangled by a large abomination (25 damage)
             ... on level 2 of the Abyss.
             The game lasted 00:18:16 (10135 turns).

robertstho the Cleaver (Minotaur Berserker)        Turns: 10135, Time: 00:18:16

Health: -12/174    AC: 22    Str: 27    XL:     12   Next: 78%
Magic:  11/11      EV:  8    Int:  0    God:    Trog [*****.]
Gold:   1018       SH: 11    Dex:  6    Spells: 11/11 levels left

rFire    . . .     SeeInvis +   T - +3 broad axe (vorpal)
rCold    . . .     Faith    .   w - +0 kite shield
rNeg     . . .     Spirit   .   r - +0 plate armour
rPois    .         Reflect  .   (helmet restricted)
rElec    .         Harm     .   (no cloak)
rCorr    .         Rampage  .   y - +0 pair of gloves
MR       .....                  p - +0 pair of boots
Stlth    ..........             a - amulet of regeneration
HPRegen  0.79/turn              d - +4 ring of protection
MPRegen  0.12/turn              t - ring of see invisible

@: berserking (expiring), slowed, lost intelligence
A: retaliatory headbutt, horns 2, [clumsy 2], [dopey 2]
a: Berserk, Trog's Hand, Brothers in Arms, Renounce Religion


You were on level 2 of the Abyss.
You worshipped Trog.
Trog was extremely pleased with you.
You visited 1 branch of the dungeon, and saw 13 of its levels.
You visited the Abyss 1 time.

You collected 1018 gold pieces.

Inventory:

Hand Weapons
 g - the +5 rapier "Ytoc" {flame, *Noise MR+ Str+4}
   (You found it on level 7 of the Dungeon)

   It has been specially enchanted to burn those struck by it, causing extra
   injury to most foes and up to half again as much damage against particularly
   susceptible opponents.
   It affects your strength (+4).
   It affects your resistance to hostile enchantments.
   It may make noises in combat.
 P - a +3 war axe of freezing
 T - a +3 vorpal broad axe (weapon)
Missiles
 o - 85 poisoned darts (quivered)
Armour
 p - a +0 pair of boots (worn)
 r - a +0 plate armour (worn)
 w - a +0 kite shield (worn)
 y - a +0 pair of gloves (worn)
Jewellery
 a - an amulet of regeneration (around neck)
 d - a +4 ring of protection (left hand)
 l - an uncursed ring of protection from fire
 t - a ring of see invisible (right hand)
 u - an uncursed ring of flight
 N - an uncursed ring of protection from cold
 O - an uncursed ring of poison resistance
 S - an uncursed ring of protection from fire
Wands
 H - a wand of iceblast (18)
 R - a wand of disintegration (13)
Scrolls
 b - a scroll of blinking {unknown}
 e - a scroll of teleportation
 h - 2 scrolls of immolation {unknown}
 j - 3 scrolls of fog {unknown}
 n - 2 scrolls of enchant armour {unknown}
 q - a scroll of enchant weapon {unknown}
 s - a scroll of fear {unknown}
 v - 8 scrolls of remove curse
 z - a scroll of random uselessness {unknown}
 B - 5 scrolls of magic mapping {unknown}
 K - a scroll of brand weapon {unknown}
Potions
 c - 2 potions of invisibility
 f - 7 potions of curing
 i - 2 potions of heal wounds
 k - 2 potions of resistance
 x - 2 potions of mutation {unknown}
 A - 2 potions of lignification {unknown}
 C - 3 potions of flight
 F - 2 potions of magic
 I - a potion of haste {unknown}
 J - 2 potions of might
 L - a potion of cancellation {unknown}
 M - a potion of ambrosia {unknown}
 Q - 3 potions of berserk rage {unknown}
Miscellaneous
 m - a lightning rod (4/4)


   Skills:
 * Level 13.7 Fighting
 + Level 14.9 Axes
 * Level 12.5 Armour
 + Level 4.8 Dodging
 + Level 1.5 Stealth
 + Level 8.6 Shields


You had 11 spell levels left.
You didn't know any spells.
Your spell library was empty.

Dungeon Overview and Level Annotations

Branches:
Dungeon (13/15)            Temple (0/1) D:5            Lair (0/6) D:11
    Orc (0/2) D:12
 Vaults: D:13-14

Altars:
Qazlal
Uskayaw
Xom
Lugonu

Shops:
D:5 [

Annotations:
D:5 1040 shield


Innate Abilities, Weirdness & Mutations

You reflexively headbutt those who attack you in melee.
You have a pair of horns on your head.
[You are very clumsy. (Dex -4)]
[You are very dopey. (Int -4)]


Message History

* * * LOW HITPOINT WARNING * * *
You stumble backwards!
The worldbinder calls forth creatures from the Shoals!
The wretched star glows turbulently.
The lance of force hits you.
* * * LOW HITPOINT WARNING * * *
You are knocked back by the lance of force.
You slam into the stone wall!
You slice the bone dragon!!
The bone dragon is severely damaged.
You hit the large abomination but do no damage.
The bone dragon closely misses you. The bone dragon claws you.
* * * LOW HITPOINT WARNING * * *
The bone dragon closely misses you. The large abomination hits you!!
* * * LOW HITPOINT WARNING * * *
You slash the bone dragon!
The bone dragon is severely damaged.
You slash the wretched star! You barely miss the large abomination.
The large abomination hits you!!
You die...

##. #...
.#.#.. .
##.#.###.
.....#...# #
.......##....#
#.
X#...#....§#
## ## #
..#....#..## #
. #.
...X.####. #.
. # #
..$#.##....###
. #. # ..
#..*#..# # ##
.
#....#..D@#.#.
.. #..####§#X#
.#.# . .. .#
#...xH . #. .
#.#!#.. # #
X#..#m..# # .
..## H... # .
# ..... #
##.###


You could see a bone dragon, a wretched star, 2 manticores, 2 large
abominations, a merfolk siren (summoned) and a worldbinder.

Vanquished Creatures
  A tentacled starspawn (Abyss:2)
  5 skeletal warriors (D:12)
  A sixfirhy (Abyss:2)
  2 wretched stars (Abyss:2)
  2 wizards (D:13)
  A deep elf mage (D:12)
  3 cyclopes
  2 manticores
  Maurice (D:10)
  A gargoyle (D:10)
  A red devil (D:8)
  A hornet (D:7)
  2 large abominations (Abyss:2)
  5 flying skulls (Abyss:2)
  5 wraiths
  10 yaks
  A shadow (D:13)
  A vampire (D:13)
  A wyvern (D:11)
  A small abomination (Abyss:2)
  2 basilisks (D:13)
  2 vampire mosquitoes (D:13)
  2 wargs (D:12)
  5 orc warriors
  3 black bears
  4 ice beasts
  2 sky beasts
  3 phantoms
  6 ogres
  10 centaurs
  A big kobold (D:8)
  A wyvern zombie (D:6)
  11 bullfrogs
  A gnoll sergeant (D:9)
  A scorpion (D:5)
  2 wyvern skeletons
  A water moccasin skeleton (D:9)
  18 killer bees
  15 wights
  2 howler monkeys (D:9)
  2 centaur zombies
  A bullfrog zombie (D:10)
  5 jellies
  7 hounds
  2 centaur skeletons
  9 orc priests
  4 bullfrog skeletons
  14 orc wizards
  Terence (D:3)
  Jessica (D:3)
  5 iguanas
  Natasha (D:3)
  7 worker ants
  Robin (D:3)
  2 worker ant zombies
  6 gnolls
  5 adders
  A shadow imp (D:7)
  7 white imps
  2 ufetubi (D:5)
  An ooze (D:1)
  3 worms
  7 leopard geckos
  38 orcs
  A ball python (D:3)
  12 bats
  8 giant cockroaches
  25 goblins
  11 hobgoblins
  11 jackals
  9 kobolds
  4 quokkas
  5 frilled lizards
  A quokka skeleton (D:6)
  3 rats
361 creatures vanquished.

Vanquished Creatures (collateral kills)
  A thrashing horror (Abyss:2)
  2 large abominations (Abyss:2)
  4 slime creatures (D:13)
  A small abomination (Abyss:2)
  A lurking horror (Abyss:2)
9 creatures vanquished.

Vanquished Creatures (others)
  A fungus (D:11)
  2 starspawn tentacles (Abyss:2)
3 creatures vanquished.

Grand Total: 373 creatures vanquished

Notes
Turn   | Place    | Note
-------+----------+-------------------------------------------
     0 | D:1      | robertstho the Minotaur Berserker began the quest for the
                  | Orb.
     0 | D:1      | Reached XP level 1. HP: 19/19 MP: 0/0
   208 | D:1      | Reached XP level 2. HP: 25/27 MP: 1/1
   771 | D:1      | Reached skill level 4 in Axes
   796 | D:1      | Reached ** piety under Trog
   797 | D:1      | Reached XP level 3. HP: 34/34 MP: 2/2
  1636 | D:2      | Reached XP level 4. HP: 32/41 MP: 3/3
  1879 | D:2      | Reached skill level 5 in Fighting
  2194 | D:3      | Noticed Robin
  2197 | D:3      | Noticed Jessica
  2201 | D:3      | Reached *** piety under Trog
  2204 | D:3      | Killed Jessica
  2206 | D:3      | Killed Robin
  2405 | D:3      | Reached XP level 5. HP: 48/48 MP: 4/4
  2541 | D:3      | Noticed Terence
  2550 | D:3      | Killed Terence
  2551 | D:3      | Reached skill level 5 in Axes
  2650 | D:3      | Noticed Natasha
  2656 | D:3      | Killed Natasha
  3288 | D:4      | Noticed an ogre
  3296 | D:4      | Killed an ogre
  3297 | D:4      | Reached XP level 6. HP: 56/57 MP: 5/5
  3422 | D:5      | Entered Level 5 of the Dungeon
  3641 | D:5      | Found Ugaomug's Antique Armour Boutique.
  3671 | D:5      | Reached skill level 6 in Axes
  3701 | D:5      | Found a staircase to the Ecumenical Temple.
  3839 | D:5      | Reached skill level 5 in Armour
  3900 | D:5      | Reached XP level 7. HP: 59/63 MP: 6/6
  4016 | D:6      | Found a shimmering altar of Xom.
  4018 | D:6      | Found a shimmering altar of Xom.
  4056 | D:6      | Found a hide-covered altar of Uskayaw.
  4205 | D:6      | Found a shimmering altar of Xom.
  4212 | D:6      | Found a shimmering altar of Xom.
  4212 | D:6      | Found a shimmering altar of Xom.
  4214 | D:6      | Found a shimmering altar of Xom.
  4759 | D:7      | Noticed a hornet
  4768 | D:7      | Paralysed by a hornet for 3 turns
  4773 | D:7      | Killed a hornet
  4774 | D:7      | Reached skill level 7 in Axes
  4776 | D:7      | Reached XP level 8. HP: 59/73 MP: 7/7
  4777 | D:7      | Reached **** piety under Trog
  4851 | D:7      | Reached skill level 1 in Stealth
  4854 | D:7      | Reached skill level 8 in Axes
  4857 | D:7      | Reached skill level 1 in Shields
  4857 | D:7      | Reached XP level 9. HP: 82/82 MP: 8/8
  4899 | D:7      | Reached skill level 9 in Axes
  4969 | D:7      | Got a bloodstained rapier
  4993 | D:7      | Identified the +5 rapier "Ytoc" {flame, *Noise MR+ Str+4}
                  | (You found it on level 7 of the Dungeon)
  5644 | D:8      | Reached ***** piety under Trog
  5701 | D:8      | Reached skill level 10 in Axes
  5830 | D:8      | Noticed a red devil
  5831 | D:8      | Noticed a rust devil
  5831 | D:8      | Noticed a rust devil
  5832 | D:8      | Found a corrupted altar of Lugonu.
  5855 | D:8      | Killed a red devil
  6040 | D:9      | Noticed a cyclops
  6047 | D:9      | Killed a cyclops
  6051 | D:9      | Reached XP level 10. HP: 91/91 MP: 9/9
  6142 | D:9      | Found a stormy altar of Qazlal.
  6164 | D:9      | Reached skill level 10 in Fighting
  6189 | D:9      | Reached skill level 11 in Axes
  6189 | D:9      | Reached skill level 5 in Shields
  6570 | D:10     | Entered Level 10 of the Dungeon
  6666 | D:10     | Reached skill level 10 in Armour
  6735 | D:10     | Noticed a gargoyle
  6742 | D:10     | Killed a gargoyle
  6895 | D:10     | Received a gift from Trog
  7139 | D:10     | Noticed Maurice
  7162 | D:10     | Killed Maurice
  7193 | D:10     | Reached skill level 12 in Axes
  7320 | D:10     | Reached XP level 11. HP: 101/101 MP: 10/10
  8053 | D:11     | Found a staircase to the Lair.
  8631 | D:12     | Received a gift from Trog
  8739 | D:12     | Noticed a deep elf mage
  8743 | D:12     | Killed a deep elf mage
  8768 | D:12     | Noticed a skeletal warrior
  8768 | D:12     | Noticed a skeletal warrior
  8769 | D:12     | Noticed a skeletal warrior
  8769 | D:12     | Noticed a skeletal warrior
  8777 | D:12     | Noticed a skeletal warrior
  8778 | D:12     | Killed a skeletal warrior
  8779 | D:12     | Reached skill level 13 in Axes
  8783 | D:12     | Killed a skeletal warrior
  8783 | D:12     | Killed a skeletal warrior
  8788 | D:12     | Killed a skeletal warrior
  8791 | D:12     | Killed a skeletal warrior
  8975 | D:12     | Found a staircase to the Orcish Mines.
  9295 | D:13     | Reached XP level 12. HP: 39/113 MP: 11/11
  9766 | D:13     | Reached skill level 14 in Axes
  9840 | D:13     | Cast into level 2 of the Abyss (a wizard)
 10005 | Abyss:2  | Noticed a tentacled starspawn
 10064 | Abyss:2  | Killed a tentacled starspawn
 10121 | Abyss:2  | Noticed a bone dragon
 10127 | Abyss:2  | Lost intelligence.
 10135 | Abyss:2  | Mangled by a large abomination

Illustrated notes

Levels and vault maps discovered:
D:1:      lightli_arrival_statue_moat, layout_basic, dk_noncrumbling_3
D:2:      layout_loops_ring, kennysheep_nondescript, minmay_goblin_outpost
D:3:      layout_loops_ring, uniq_robin, uniq_terence, uniq_natasha,
          uniq_jessica
D:4:      layout_basic
D:5:      layout_basic, minmay_temple_entry_glass, serial_shops,
          kennysheep_mini_moat
D:6:      layout_gridville, lemuel_round_altar, xom_redecorated
D:7:      layout_loops_ring, chequers_serial_rivers_micro_c
D:8:      layout_cave_pools, lemuel_hellish_altar
D:9:      layout_rooms, basic_altar
D:10:     minmay_thinvault, layout_loops_ring, uniq_maurice
D:11:     lemuel_upstairs_altar, layout_grid_maze, david_lair_generic,
          glass_columns_b
D:12:     layout_gridville, erik_orc_3
D:13:     minmay_smoke_and_mirrors, layout_basic, minmay_door_square
Abyss:2:  base:
D:9

Skill      XL: |  1  2  3  4  5  6  7  8  9 10 11 12 |
---------------+-------------------------------------+-----
Fighting       | 4 5 6 7 8 9 10 12 13 | 13.7
Axes           | 4 5 6 7 8 10 12 13 14 | 14.9
Armour         | 3 4 5 6 8 9 10 11 12 | 12.5
Dodging        | 3 4 |  4.8
Stealth        | 1 |  1.5
Shields        | 1 4 6 7 8 |  8.6

Action                   |  1- 3 |  4- 6 |  7- 9 | 10-12 || total
-------------------------+-------+-------+-------+-------++-------
Melee: Hand axe          |    86 |    69 |   174 |   123 ||   452
       Headbutt          |    10 |    26 |    40 |   119 ||   195
       War axe           |       |    45 |       |   324 ||   369
       Broad axe         |       |       |       |   132 ||   132
Invok: Berserk           |     1 |     1 |     5 |    10 ||    17
       Trog's Hand       |       |       |       |     5 ||     5
       Brothers in Arms  |       |       |       |     3 ||     3
  Use: Scroll            |       |     6 |     2 |     7 ||    15
       Potion            |       |       |       |     3 ||     3
 Stab: Sleeping          |     1 |       |       |       ||     1
       Distracted        |       |       |       |     1 ||     1
Armor: Animal skin       |    19 |       |       |       ||    19
       Plate armour      |    28 |    61 |       |    56 ||   145
       Chain mail        |       |    29 |   102 |   213 ||   344
Dodge: Dodged            |    53 |    53 |    48 |   148 ||   302
Block: Kite shield       |       |       |    62 |   288 ||   350

Table legend: (Time is in decaauts)
 A = Elapsed time spent in this place.
 B = Non-inter-level travel time spent in this place.
 C = Inter-level travel time spent in this place.
 D = Time resting spent in this place.
 E = Time spent auto-exploring this place.
 F = Levels seen in this place.
 G = Mean time per level.
                   A        B        C        D        E       F      G
               +--------+--------+--------+--------+--------+-----+--------+
         Total |  10289 |   9899 |    390 |     58 |   7411 |  14 |  734.9 |
       Dungeon |   9976 |   9586 |    390 |      0 |   7317 |  13 |  767.4 |
         Abyss |    312 |    312 |      0 |     58 |     93 |   1 |  312.0 |
               +--------+--------+--------+--------+--------+-----+--------+

Top non-repeatable levels by time:
     D:1: 1297 daAuts
    D:10: 1072 daAuts
    D:11: 953 daAuts
     D:2: 913 daAuts
     D:7: 809 daAuts
    D:12: 751 daAuts
     D:6: 748 daAuts
     D:3: 691 daAuts
     D:5: 563 daAuts
     D:4: 556 daAuts
    D:13: 548 daAuts
     D:8: 535 daAuts
     D:9: 535 daAuts
 Abyss:2: 312 daAuts
